 Dungeon Crawl Stone Soup version 0.26-a0-259-g1effd001a9 (webtiles) character file.

Game seed: 8985179460668047361

82 mortelune the Skirmisher (level 4, -4/37 HPs)
             Began as a Formicid Abyssal Knight on July 11, 2020.
             Was a Follower of Lugonu.
             Slain by Crazy Yiuf
             ... wielding a +4 quarterstaff of chaos
              (12 damage)
             ... on level 2 of the Dungeon on July 13, 2020.
             The game lasted 00:04:21 (2404 turns).

mortelune the Skirmisher (Formicid Abyssal Knight)  Turns: 2404, Time: 00:04:22

Health: -4/37      AC:  5    Str: 18    XL:     4   Next: 70%
Magic:  3/5        EV: 14    Int: 11    God:    Lugonu [*.....]
Gold:   106        SH:  0    Dex: 10    Spells: 3/3 levels left

rFire    . . .     SeeInvis +   a - +1 hand axe
rCold    . . .     Faith    .   (no shield)
rNeg     . . .     Spirit   .   f - +0 ring mail
rPois    .         Reflect  .   (helmet unavailable)
rElec    .         Harm     .   (no cloak)
rCorr    .                      (no gloves)
MR       .....                  (no boots)
Stlth    ..........             (no amulet)
HPRegen  0.12/turn              d - +4 ring of evasion
MPRegen  0.09/turn              (no ring)

@: lightly drained
A: permanent stasis, dig shafts and tunnels, four strong arms, antennae 3
a: Dig, Shaft Self, Depart the Abyss, Renounce Religion


You were on level 2 of the Dungeon.
You worshipped Lugonu.
Lugonu was aware of your devotion.
You were not hungry.

You visited 1 branch of the dungeon, and saw 2 of its levels.
You visited the Abyss 1 time.

You collected 106 gold pieces.

Inventory:

Hand Weapons
 a - a +1 hand axe (weapon)
 b - a +0 hunting sling
Missiles
 e - 28 sling bullets
 k - 14 poisoned darts
 Q - 18 stones (quivered)
Armour
 f - a +0 ring mail (worn)
 j - a +0 leather armour
Jewellery
 d - a +4 ring of evasion (left hand)
Scrolls
 i - a scroll of fear {unknown}
Potions
 g - a potion of ambrosia {unknown}
 h - 3 potions of curing {unknown}
Comestibles
 c - 4 rations


   Skills:
 + Level 3.9(3.7) Fighting
 * Level 3.5(3.2) Axes
 + Level 3.1(2.8) Armour
 - Level 0.8(0.6) Dodging
 - Level 2.1(1.9) Invocations


You had 3 spell levels left.
You didn't know any spells.
Your spell library was empty.

Dungeon Overview and Level Annotations

Branches:
Dungeon (2/15)

Altars:
Makhleb

Annotations:
D:2 Crazy Yiuf


Innate Abilities, Weirdness & Mutations

You cannot be hasted, slowed, berserked, paralysed or teleported.
You can dig through walls and to a lower floor.
Your four strong arms can wield two-handed weapons with a shield.
You have a pair of large antennae on your head. (SInv)


Message History

You completely miss Crazy Yiuf.
Crazy Yiuf is lightly wounded.
Crazy Yiuf misses you.
You hit Crazy Yiuf.
Crazy Yiuf is moderately wounded.
Crazy Yiuf says, "Flower!
East broken Xom."
Crazy Yiuf hits you with a +4 quarterstaff of chaos.
You feel drained.
You hit Crazy Yiuf.
Crazy Yiuf is heavily wounded.
Crazy Yiuf hits you but does no damage.
You hit Crazy Yiuf.
Crazy Yiuf is heavily wounded.
Crazy Yiuf hits you with a +4 quarterstaff of chaos!
* * * LOW HITPOINT WARNING * * *
You hit Crazy Yiuf.
Crazy Yiuf is severely wounded.
Crazy Yiuf waves his quarterstaff at you.
Crazy Yiuf hits you with a +4 quarterstaff of chaos!
You die...

#.....##..........#.....#
#.#
.......#...##############
#.## ...........# ##.#.
.......##.## ##### ##..#.
#.........# #)..#
#######..... ##...#..###
#...# #........###
######..### ...
#........# # ### ##....#
#g# #......#.###
..####..#### #@##
####.###.... #..#...##
##.# ####.....#..
.......# #.##
#....###.... ..♣♣♣..#####
##.# #.#### ##... .♣#
#♣.....# ##.## #.#
#####... .♣ ♣.##.##
##...# #.###....... .♣#
#♣.....# #....#
#.##..#####. ..♣♣♣...####
##..## ###....####.
........#
#....###.....[..##.


You could see Crazy Yiuf.

Vanquished Creatures
  An iguana (D:2)
  3 oozes (D:1)
  A worm (D:2)
  5 dart slugs
  4 bats
  3 goblins
  3 hobgoblins (D:1)
  2 jackals (D:1)
  4 kobolds (D:1)
  3 frilled lizards
  5 rats
34 creatures vanquished.

Notes
Turn   | Place    | Note
-------+----------+-------------------------------------------
     0 | Abyss:1  | mortelune the Formicid Abyssal Knight began the quest for
                  | the Orb.
     0 | Abyss:1  | Reached XP level 1. HP: 18/18 MP: 2/2
    84 | Abyss:1  | Noticed a starcursed mass
    85 | D:1      | Escaped the Abyss
   436 | D:1      | Reached XP level 2. HP: 21/24 MP: 3/3
   738 | D:1      | Reached * piety under Lugonu
  1059 | D:1      | Reached XP level 3. HP: 29/29 MP: 4/4
  1609 | D:2      | Reached XP level 4. HP: 17/37 MP: 5/5
  2195 | D:2      | Found a burning altar of Makhleb.
  2391 | D:2      | Found a runed translucent door.
  2392 | D:2      | Noticed Crazy Yiuf
  2404 | D:2      | Slain by Crazy Yiuf

Illustrated notes

Levels and vault maps discovered:
D:1:      wander_arrival_desolate, layout_loops_cross
D:2:      layout_rooms, old_standard_altar, minmay_stone_trees_small,
          st_stairs_12, uniq_crazy_yiuf_cottage

Skill      XL: |  1  2  3  4 |
---------------+-------------+-----
Axes           | 3 |  3.5
Armour         | 3 |  3.1
Fighting       | |  3.9
Dodging        | |  0.8
Invocations    | |  2.1

Action                   |  1- 3 |  4- 6 || total
-------------------------+-------+-------++-------
Melee: Hand axe          |    91 |    28 ||   119
 Fire: Hunting sling     |       |     6 ||     6
Invok: Depart the Abyss  |     1 |       ||     1
  Use: Scroll            |     2 |       ||     2
  Eat: Ration            |     1 |     1 ||     2
Armor: Leather armour    |     9 |       ||     9
       Ring mail         |    30 |     4 ||    34
Dodge: Dodged            |    56 |    21 ||    77

Table legend:
 A = Non-vault XP
 B = Vault XP
 C = Vault XP percentage of total XP
 D = Non-vault monster count
 E = Vault monster count
 F = Vault count percentage of total count
                 A         B        C        D         E       F
            +---------+---------+-------+---------+---------+-------
      Total |     117 |       1 |   0.8 |      33 |       1 |   2.9
            +---------+---------+-------+---------+---------+-------
        D:1 |      66 |       0 |   0.0 |      26 |       0 |   0.0
        D:2 |      51 |       1 |   1.9 |       7 |       1 |  12.5
            +---------+---------+-------+---------+---------+-------
